 Dungeon Crawl Stone Soup version 0.26-a0-6-g448add79b7 (webtiles) character file.

Game seed: 13822406537781101141, levelgen mode: deterministic

2510 Chiseanne the Skirmisher (level 9, -7/74 HPs)
             Began as a Gnoll Wanderer on May 24, 2020.
             Was a Believer of Okawaru.
             Killed themself with a badly aimed burst of rock shards (16 damage)
             ... on level 8 of the Dungeon.
             The game lasted 00:25:14 (5421 turns).

Chiseanne the Skirmisher (Gnoll Wanderer)           Turns: 5421, Time: 00:25:15

Health: -7/74      AC:  8    Str: 19    XL:     9   Next: 53%
Magic:  15/15      EV: 13    Int: 16    God:    Okawaru [**....]
Gold:   424        SH:  0    Dex: 16    Spells: 15/16 levels left

rFire    . . .     SeeInvis .   a - +8 war axe of Owneoh {elec, rElec rPois rC- Str+4}
rCold    x . .     Gourm    .   (no shield)
rNeg     . . .     Faith    +   d - +0 ring mail
rPois    +         Spirit   .   l - +1 helmet
rElec    +         Reflect  .   (no cloak)
rCorr    .         Harm     .   (no gloves)
MR       .....                  (no boots)
Stlth    ++........             m - amulet of faith
HPRegen  0.22/turn              (no ring)
MPRegen  0.14/turn              (no ring)

@: no status effects
A: distributed training, fangs 1, strong nose
a: Heroism, Renounce Religion


You were on level 8 of the Dungeon.
You worshipped Okawaru.
Okawaru was pleased with you.
You were hungry.

You visited 1 branch of the dungeon, and saw 8 of its levels.
You also visited: Sewer and Ossuary.

You collected 424 gold pieces.

Inventory:

Hand Weapons
 a - the +8 war axe of Owneoh (weapon) {elec, rElec rPois rC- Str+4}
   (You found it on level 6 of the Dungeon)

   Occasionally, upon striking a foe, it will discharge some electrical energy
   and cause terrible harm.
   It affects your strength (+4).
   It makes you vulnerable to cold.
   It insulates you from electricity.
   It protects you from poison.
 s - a +3 dagger of venom
 u - the +6 mace of Duty {vorpal, +Inv rElec rF- Stlth+, unknown}
   (You found it on level 6 of the Dungeon)

   It inflicts extra damage upon your enemies.
   It makes you vulnerable to fire.
   It insulates you from electricity.
   It lets you turn invisible.
   It makes you more stealthy.
 w - a +2 hand crossbow
 x - a +4 scimitar
Missiles
 b - 19 bolts
 c - 6 poisoned darts
 h - 144 arrows
 i - 6 boomerangs
 k - 3 curare-tipped darts
 q - 8 javelins (quivered)
Armour
 d - a +0 ring mail (worn)
 l - a +1 helmet (worn)
 n - a +2 robe of fire resistance
 p - a +2 pair of gloves
 D - a +1 leather armour of poison resistance
Jewellery
 m - an amulet of faith (around neck)
 o - an uncursed ring of ice
 v - an uncursed ring of resist corrosion {unknown}
 y - an uncursed ring of protection from magic {unknown}
 C - a cursed -4 ring of slaying {unknown}
Scrolls
 j - a scroll of immolation
 r - a scroll of silence {unknown}
 t - 3 scrolls of magic mapping
 E - 2 scrolls of remove curse {unknown}
 F - 2 scrolls of amnesia {unknown}
Potions
 e - 3 potions of curing
 g - 3 potions of flight
 z - a potion of resistance {unknown}
 A - 2 potions of berserk rage
 B - a potion of invisibility {unknown}
 G - 2 potions of magic {unknown}
 H - 2 potions of cancellation {unknown}
 I - 2 potions of might {unknown}
Miscellaneous
 J - a tin of tremorstones (3/3)
Comestibles
 f - 7 rations


   Skills:
 + Level 7.9 Fighting
 + Level 4.2 Short Blades
 + Level 4.2 Long Blades
 + Level 5.0 Axes
 + Level 4.2 Maces & Flails
 + Level 4.2 Polearms
 + Level 4.2 Staves
 + Level 4.2 Slings
 + Level 4.2 Bows
 + Level 6.3 Crossbows
 + Level 4.2 Throwing
 + Level 6.3 Armour
 + Level 4.2 Dodging
 + Level 4.9 Stealth
 + Level 4.2 Shields
 + Level 4.2 Unarmed Combat
 + Level 4.2 Spellcasting
 + Level 3.5 Conjurations
 + Level 3.5 Hexes
 + Level 3.5 Charms
 + Level 3.5 Summonings
 + Level 3.5 Necromancy
 + Level 3.5 Translocations
 + Level 3.5 Transmutations
 + Level 3.5 Fire Magic
 + Level 3.5 Ice Magic
 + Level 3.5 Air Magic
 + Level 3.5 Earth Magic
 + Level 3.5 Poison Magic
 + Level 4.7 Invocations
 + Level 5.0 Evocations


You had 15 spell levels left.
You knew the following spells:

 Your Spells              Type           Power        Failure   Level  Hunger
a - Apportation           Tloc           ##....       6%          1    None

Your spell library contained the following spells:

 Spells                   Type           Power        Failure   Level  Hunger
 Animate Skeleton         Necr           N/A          6%          1    None
 Corona                   Hex            ##.....      6%          1    None
 Summon Small Mammal      Summ           ##..         6%          1    None


Dungeon Overview and Level Annotations

Branches:
Dungeon (8/15)             Temple (0/1) D:7           Sewer (visited)
Ossuary (visited)
   Lair: D:8-11

Altars:
Ashenzari
Okawaru
Sif Muna
Uskayaw
Xom

Shops:
D:5 *

Annotations:
D:4 2 transporters, mora's ghost, weakling GnFE


Innate Abilities, Weirdness & Mutations

Your experience applies equally to all skills.
You have very sharp teeth.
Your uncanny sense of smell can sniff out nearby items.


Message History

The orc wizard hits you with a +0 dagger.
You hit the orc wizard.
Lightning courses through the orc wizard!
The orc wizard is almost dead.
The orc wizard casts a spell.
The orc wizard blinks!
Throwing (i - inventory. (/) - cycle)
q - 8 javelins (quivered)
Press: ? - help, Shift-Dir - straight line, f - orc wizard
Aim: an orc wizard, wielding a +0 dagger and wearing a +0 robe (translocational energy)
Okay, then.
Evoke which item? (* to show all) (? for menu, Esc to quit)
You don't have any such object.
Evoke which item? (* to show all) (? for menu, Esc to quit)
Okay, then.
Evoke which item? (* to show all) (? for menu, Esc to quit)
The tremorstone explodes into fragments!
The burst of rock shards engulfs you!!
* * * LOW HITPOINT WARNING * * *
The burst of rock shards engulfs you!
You die...

#.####........#
##..#.......#.##
............#
.......(....#
#.......o...#
#.#####.#####
#...)..(..#∆∆∆
#.###.###.#∆∆∆
#..@#∆# ∆∆
#.#.###o#.#.###
#......c..c...#
#.#.#.#.###.##s
#(#..∆ # #.## ∆
..$ #.# §..


You could see a centaur and 2 orc wizards.

Vanquished Creatures
  A hippogriff (D:8)
  A water moccasin (D:6)
  A black bear (D:6)
  3 centaurs
  An ogre (D:5)
  A big kobold (Sewer)
  An elf zombie (D:7)
  5 bullfrogs
  An elf skeleton (D:7)
  A scorpion (D:4)
  3 wights (D:6)
  2 howler monkeys
  2 hounds
  3 human zombies
  2 crimson imps (D:5)
  A centaur skeleton (D:5)
  2 jellies
  A bullfrog skeleton (D:8)
  2 orc priests
  A human skeleton (D:7)
  2 iguanas (D:5)
  5 orc wizards
  5 worker ants
  A hound zombie (Ossuary)
  A worker ant zombie (D:6)
  4 mummies (Ossuary)
  7 adders
  2 river rats (Sewer)
  3 adder zombies
  An ooze (D:3)
  2 adder skeletons (D:4)
  5 worms
  3 dart slugs
  10 leopard geckos
  21 orcs
  8 bats
  5 giant cockroaches
  A gnoll zombie (Ossuary)
  3 goblins
  3 hobgoblins
  10 jackals
  A quokka (D:6)
  2 frilled lizards
  A goblin zombie (Ossuary)
  3 jackal zombies (Ossuary)
  7 kobolds
  A kobold zombie (Ossuary)
  A leopard gecko skeleton (D:7)
  A leopard gecko zombie (D:5)
  2 orc skeletons (D:7)
  An orc zombie (Ossuary)
  7 rats
164 creatures vanquished.

Notes
Turn   | Place    | Note
-------+----------+-------------------------------------------
     0 | D:1      | Chiseanne the Gnoll Wanderer began the quest for the Orb.
     0 | D:1      | Chiseanne set off with the following items: a +2 hand
                  | crossbow, 24 bolts, a potion of lignification, a +0 ring
                  | mail, a ration
     0 | D:1      | Reached XP level 1. HP: 23/23 MP: 2/2
   131 | D:1      | Reached XP level 2. HP: 28/29 MP: 3/3
   335 | D:2      | Found a shattered altar of Ashenzari.
   572 | D:2      | Reached XP level 3. HP: 35/35 MP: 4/4
   666 | D:3      | Reached skill level 1 in Invocations
   675 | D:3      | Reached skill level 1 in Short Blades
   675 | D:3      | Reached skill level 1 in Long Blades
   675 | D:3      | Reached skill level 1 in Maces & Flails
   675 | D:3      | Reached skill level 1 in Polearms
   675 | D:3      | Reached skill level 1 in Staves
   675 | D:3      | Reached skill level 1 in Slings
   675 | D:3      | Reached skill level 1 in Bows
   675 | D:3      | Reached skill level 1 in Throwing
   675 | D:3      | Reached skill level 1 in Dodging
   675 | D:3      | Reached skill level 1 in Shields
   675 | D:3      | Reached skill level 1 in Unarmed Combat
   675 | D:3      | Reached skill level 1 in Spellcasting
   675 | D:3      | Reached XP level 4. HP: 4/41 MP: 4/6
   678 | D:3      | HP: 3/61 [poisoned by an orc]
  1207 | D:4      | Reached skill level 1 in Conjurations
  1207 | D:4      | Reached skill level 1 in Hexes
  1207 | D:4      | Reached skill level 1 in Charms
  1207 | D:4      | Reached skill level 1 in Summonings
  1207 | D:4      | Reached skill level 1 in Necromancy
  1207 | D:4      | Reached skill level 1 in Translocations
  1207 | D:4      | Reached skill level 1 in Transmutations
  1207 | D:4      | Reached skill level 1 in Fire Magic
  1207 | D:4      | Reached skill level 1 in Ice Magic
  1207 | D:4      | Reached skill level 1 in Air Magic
  1207 | D:4      | Reached skill level 1 in Earth Magic
  1207 | D:4      | Reached skill level 1 in Poison Magic
  1365 | D:4      | Reached XP level 5. HP: 32/47 MP: 7/7
  1463 | D:4      | Found a transporter.
  1482 | D:4      | Found a transporter.
  1484 | D:4      | Noticed mora's ghost (weakling GnFE)
  1620 | D:4      | Found a glowing drain.
  1642 | Sewer    | Entered a sewer
  1923 | Sewer    | Noticed a big kobold
  1944 | Sewer    | Killed a big kobold
  1944 | Sewer    | Reached XP level 6. HP: 40/53 MP: 8/8
  2058 | Sewer    | Found a white marble altar of Elyvilon.
  2349 | D:4      | Reached skill level 5 in Crossbows
  2349 | D:4      | Reached skill level 5 in Armour
  2437 | D:5      | Entered Level 5 of the Dungeon
  2640 | D:5      | Reached XP level 7. HP: 42/59 MP: 10/10
  2998 | D:5      | Found Fizurghe's General Store.
  3012 | D:5      | Reached skill level 7 in Fighting
  3026 | D:5      | Found a shimmering blue altar of Sif Muna.
  3284 | D:4      | Reached XP level 8. HP: 23/67 MP: 12/12
  4152 | D:5      | Learned a level 1 spell: Apportation
  4441 | D:6      | Got a warped war axe
  4478 | D:6      | Found an iron altar of Okawaru.
  4488 | D:6      | Got a bone mace
  4491 | D:6      | Became a worshipper of Warmaster Okawaru
  4495 | D:6      | Identified the +8 war axe of Owneoh {elec, rElec rPois rC-
                  | Str+4} (You found it on level 6 of the Dungeon)
  4567 | D:6      | Found a shimmering altar of Xom.
  4651 | D:6      | Reached * piety under Okawaru
  4651 | D:6      | Reached XP level 9. HP: 51/72 MP: 14/14
  4850 | D:7      | Found a staircase to the Ecumenical Temple.
  4930 | D:7      | Found a sand-covered staircase.
  4939 | Ossuary  | Entered an ossuary
  5315 | D:7      | Found a hide-covered altar of Uskayaw.
  5408 | D:8      | Reached ** piety under Okawaru
  5408 | D:8      | Reached skill level 5 in Axes
  5408 | D:8      | Reached skill level 5 in Evocations
  5421 | D:8      | Killed themself with a badly aimed burst of rock shards

Illustrated notes

Levels and vault maps discovered:
D:1:      wander_arrival_chamber, layout_rooms, minivault_25,
          hangedman_decor_riveting, minmay_lizard_king
D:2:      layout_loops_ring, first_ration, ashenzari_altar_1
D:3:      layout_basic
D:4:      layout_gridville, makhleb_heckhound_becter, gup_sewer_entry_pipe,
          gammafunk_ghost_stat_death
D:5:      layout_loops_ring, lemuel_doored_altar, serial_shops, shop
D:6:      layout_rooms, xom_teletrap_fun, lemuel_coloured_pillars_altar,
          basic_altar
D:7:      layout_rooms, nicolae_overflow_crystal_walls,
          minmay_temple_entry_water_ring, nicolae_ossuary_entry_catacombs,
          minmay_hedge_maze
D:8:      minmay_the_grid_plus [minmay_the_grid_fan, minmay_the_grid_eight,
          minmay_the_grid_medium_cups, minmay_the_grid_minigrid_small_alt,
          minmay_the_grid_prize_big_room], layout_cave_pools,
          nicolae_ru_the_path_less_chosen, kennysheep_mini_moat,
          gammafunk_ghost_cemetery

Skill      XL: |  1  2  3  4  5  6  7  8  9 |
---------------+----------------------------+-----
Invocations    | 1 2 3 4 |  4.7
Short Blades   | 1 2 3 4 |  4.2
Long Blades    | 1 2 3 4 |  4.2
Maces & Flails | 1 2 3 4 |  4.2
Polearms       | 1 2 3 4 |  4.2
Staves         | 1 2 3 4 |  4.2
Slings         | 1 2 3 4 |  4.2
Bows           | 1 2 3 4 |  4.2
Throwing       | 1 2 3 4 |  4.2
Dodging        | 1 2 3 4 |  4.2
Shields        | 1 2 3 4 |  4.2
Unarmed Combat | 1 2 3 4 |  4.2
Spellcasting   | 1 2 3 4 |  4.2
Conjurations   | 1 2 3 |  3.5
Hexes          | 1 2 3 |  3.5
Charms         | 1 2 3 |  3.5
Summonings     | 1 2 3 |  3.5
Necromancy     | 1 2 3 |  3.5
Translocations | 1 2 3 |  3.5
Transmutations | 1 2 3 |  3.5
Fire Magic     | 1 2 3 |  3.5
Ice Magic      | 1 2 3 |  3.5
Air Magic      | 1 2 3 |  3.5
Earth Magic    | 1 2 3 |  3.5
Poison Magic   | 1 2 3 |  3.5
Axes           | 3 4 5 |  5.0
Evocations     | 3 4 5 |  5.0
Stealth        | 3 4 |  4.9
Crossbows      | 5 6 |  6.3
Armour         | 5 6 |  6.3
Fighting       | 7 |  7.9

Action                   |  1- 3 |  4- 6 |  7- 9 || total
-------------------------+-------+-------+-------++-------
Melee: Short sword       |    42 |       |       ||    42
       Bite              |     5 |    11 |    27 ||    43
       Dagger            |    15 |   135 |    79 ||   229
       Hand axe          |       |     3 |       ||     3
       Punch             |       |     2 |     3 ||     5
       War axe           |       |       |   105 ||   105
 Fire: Hand crossbow     |    31 |    12 |    39 ||    82
Throw: Dart              |       |    15 |     4 ||    19
       Javelin           |       |       |     4 ||     4
  Use: Scroll            |     2 |     4 |     4 ||    10
       Potion            |       |     6 |     1 ||     7
 Stab: Sleeping          |       |     1 |     6 ||     7
       Distracted        |       |     1 |       ||     1
  Eat: Chunk             |       |     6 |     8 ||    14
Armor: Ring mail         |    43 |    39 |    71 ||   153
Dodge: Dodged            |    50 |    71 |   141 ||   262

Table legend:
 A = Non-vault XP
 B = Vault XP
 C = Vault XP percentage of total XP
 D = Non-vault monster count
 E = Vault monster count
 F = Vault count percentage of total count
                 A         B        C        D         E       F
            +---------+---------+-------+---------+---------+-------
      Total |    2605 |     982 |  27.4 |     116 |      48 |  29.3
            +---------+---------+-------+---------+---------+-------
        D:1 |      15 |       0 |   0.0 |       8 |       0 |   0.0
        D:2 |      32 |       0 |   0.0 |      16 |       0 |   0.0
        D:3 |      82 |       0 |   0.0 |      17 |       0 |   0.0
        D:4 |     338 |      23 |   6.4 |      21 |       8 |  27.6
        D:5 |     863 |       0 |   0.0 |      26 |       0 |   0.0
        D:6 |    1049 |       0 |   0.0 |      19 |       0 |   0.0
        D:7 |     124 |     264 |  68.0 |       4 |       6 |  60.0
        D:8 |     102 |     356 |  77.7 |       5 |       7 |  58.3
      Sewer |       0 |     140 | 100.0 |       0 |      11 | 100.0
    Ossuary |       0 |     199 | 100.0 |       0 |      16 | 100.0
            +---------+---------+-------+---------+---------+-------
